 Dungeon Crawl Stone Soup version 0.19-a0-944-gb338e1e (webtiles) character file.

77676 Magifyre the Devastator (level 15, -1/72 HPs)
             Began as a Deep Elf Fire Elementalist on July 8, 2016.
             Was a High Priest of Vehumet.
             Slain by a sea snake (12 damage)
             ... on level 1 of the Shoals.
             The game lasted 03:21:29 (31944 turns).

Magifyre the Devastator (DEFE)                     Turns: 31944, Time: 03:21:29

Health: -1/72      AC: 10    Str:  5    XL:     15   Next: 16%
Magic:  35/45      EV: 13    Int: 32    God:    Vehumet [*****.]
Gold:   1428       SH:  0    Dex: 15    Spells: 8 memorised, 17 levels left

rFire  + . .     SeeInvis .     R - staff of fire
rCold  + + .     Gourm    .     P - +2 robe {rC+}
rNeg   . . .     Faith    .     (no shield)
rPois  .         Spirit   .     (no helmet)
rElec  .         Dismiss  .     h - +2 cloak
rCorr  .         Reflect  .     (no gloves)
SustAt .         Harm     .     n - +2 pair of boots
MR     +....                    (no amulet)
Stlth  ++........               e - ring "Unecsah" {rC+ Int+5 Slay+3}
                                q - ring of magical power

@: about to teleport, somewhat resistant to hostile enchantments, unstealthy
A: no striking features
a: Renounce Religion


You were on level 1 of the Shoals.
You worshipped Vehumet.
Vehumet was extremely pleased with you.
You were not hungry.

You visited 4 branches of the dungeon, and saw 22 of its levels.
You also visited: Ossuary.

You collected 2138 gold pieces.
You spent 710 gold pieces at shops.

Inventory:

Hand Weapons
 Q - the +8 mithril axe "Arga" {speed, MR+}
   (You found it on level 11 of the Dungeon)

   Attacks with this weapon are significantly faster.
   It affects your resistance to hostile enchantments.
Armour
 h - a +2 cloak (worn)
 n - a +2 pair of boots (worn)
 P - a +2 robe of cold resistance (worn)
Magical Staves
 o - an uncursed staff of conjuration
 R - an uncursed staff of fire (weapon)
Jewellery
 e - the ring "Unecsah" (right hand) {rC+ Int+5 Slay+3}
   (You bought it in a shop on level 2 of the Orcish Mines)

   [ring of protection from cold]

   It affects your intelligence (+5).
   It affects your accuracy and damage with ranged weapons and melee attacks
   (+3).
   It protects you from cold.
 q - a ring of magical power (left hand)
 K - an uncursed ring of positive energy
 N - an uncursed ring of poison resistance
 S - an uncursed ring of see invisible
Wands
 b - a wand of paralysis (15/24)
 m - a wand of confusion (29/48)
 p - a wand of disintegration (9/24)
 r - a wand of lightning (10/15)
 s - a wand of digging (10/24)
 x - a wand of disintegration (12/24)
 A - a wand of confusion (34/48)
 J - a wand of digging (8/24)
 M - a wand of slowing (45/48)
Scrolls
 y - 5 scrolls of enchant weapon
 C - 2 scrolls of fear
 D - 3 scrolls of magic mapping
 E - 5 scrolls of amnesia
 G - 2 scrolls of remove curse
 I - a scroll of teleportation
 T - a scroll of blinking
 U - a scroll of fog
Potions
 a - 2 potions of brilliance
 c - 4 potions of cancellation
 f - 2 potions of resistance {unknown}
 g - 9 potions of curing
 i - 2 potions of ambrosia
 k - 4 potions of heal wounds
 l - 4 potions of might
 t - 3 potions of flight
 v - 4 potions of magic
 w - a potion of cure mutation
 B - 3 potions of agility {unknown}
 F - 4 potions of lignification
 X - 2 potions of invisibility {unknown}
 Y - 2 potions of haste {unknown}
Miscellaneous
 u - a fan of gales
 H - a sack of spiders
Comestibles
 d - 12 bread rations
 j - 4 slices of pizza
 z - 2 chunks of flesh
 O - 13 fruits
 W - 2 meat rations
 Z - 14 royal jellies


   Skills:
 - Level 1.0 Axes
 - Level 2.4 Dodging
 - Level 2.4 Stealth
 * Level 15.5 Spellcasting
 * Level 17.9 Conjurations
 * Level 17.7 Fire Magic


You had 17 spell levels left.
You knew the following spells:

 Your Spells              Type           Power        Failure   Level  Hunger
a - Flame Tongue          Conj/Fire      #####        0%          1    None
b - Throw Flame           Conj/Fire      ######       0%          2    None
c - Conjure Flame         Conj/Fire      ########     0%          3    None
d - Sticky Flame          Conj/Fire      ########     0%          4    None
e - Delayed Fireball      Conj/Fire      N/A          1%          7    #####..
f - Fireball              Conj/Fire      ########..   1%          5    None
g - Bolt of Magma         Conj/Fire/Erth ########..   1%          5    None
h - Bolt of Fire          Conj/Fire      ########..   1%          6    ##.....


Dungeon Overview and Level Annotations

Branches:
Dungeon (14/15)            Temple (0/1) D:6            Lair (5/6) D:11
 Shoals (1/4) Lair:3        Snake (0/4) Lair:2        Slime (0/5) Lair:5
    Orc (2/2) D:12            Elf (0/3) Orc:2
 Vaults: D:13-14

Altars:
Cheibriados
Elyvilon
Gozag
Makhleb
Nemelex Xobeh
Okawaru
Pakellas
Qazlal
Ru
Sif Muna
Trog
Uskayaw
Vehumet
Xom
Yredelemnul
Zin
Beogh
Jiyva

Shops:
D:10 (   Orc:2 =[%=

Annotations:
D:8 exclusion: ice statue


Message History

You are more poisoned.
The sea snake poisons you!
A siren comes into view. It is wielding a trident.
As you read the scroll of teleportation, it crumbles to dust.
You feel strangely unstable.
* * * LOW HITPOINT WARNING * * *
You feel very sick.
The plant is engulfed in a cloud of scalding steam.
You destroy the plant!
The plant is engulfed in a cloud of scalding steam.
The sea snake burns!
The sea snake is engulfed in roaring flames.
The sea snake bites you.
* * * LOW HITPOINT WARNING * * *
You feel better.
The plant is engulfed in a cloud of scalding steam. x5
The sea snake burns!
The sea snake is engulfed in roaring flames.
The sea snake bites you!
You die...

≈≈≈≈≈≈≈≈≈≈≈.....≈≈≈.#
≈≈≈≈≈≈≈≈≈≈≈≈≈..###..≈≈..
≈≈≈≈≈≈≈≈≈≈≈≈≈..# #..≈≈.#
≈≈≈≈≈≈≈≈≈≈≈≈≈..###...≈≈P
≈≈≈≈≈≈≈≈≈≈≈≈≈...##...≈≈.
≈≈≈≈≈P≈≈≈P≈≈≈≈..##.≈≈≈≈.
≈≈≈≈≈≈≈P.≈≈≈≈≈≈###.≈...≈
≈≈≈P≈§P§.....≈≈≈≈≈...#..
≈≈P≈≈§P@....≈≈≈≈≈...####
≈§PPP§S###≈P≈.≈≈...##
≈§P≈P.. ##≈≈P.≈≈.###
≈≈≈P... #.≈≈..≈≈.#
≈≈≈≈..P....≈.≈≈.##
≈≈m≈P?.≈.(..≈≈≈..#
≈≈P≈PP≈.###.≈≈≈.###
≈≈≈PPP≈ #.≈≈≈≈..######
#....≈≈≈......


You could see a sea snake (burning) and a siren (wandering).

Vanquished Creatures
  Kirke (D:13)
  Nessos (D:12)
  The ghost of Ryco the Spry, a journeyman SpEn of Dithmenos (Shoals:1)
  2 ettins
  Snorg (Lair:4)
  A merfolk impaler (Shoals:1)
  A hydra (Lair:2)
  Fannar (Lair:1)
  Harold (Orc:1)
  An ogre mage (Orc:2)
  A merfolk aquamancer (Shoals:1)
  An orc high priest (Orc:2)
  Nergalle (Lair:2)
  A sea snake (Shoals:1)
  3 unseen horrors
  3 hill giants
  3 harpies (Shoals:1)
  Pikel (D:4)
  4 deep elf magi
  3 cyclopes
  16 ugly things
  A griffon (Shoals:1)
  10 orc sorcerers (Orc:2)
  3 manticores
  3 black mambas
  3 sirens (Lair:3)
  2 water nymphs (Shoals:1)
  Psyche (D:8)
  18 spiny frogs
  A gargoyle (D:12)
  5 komodo dragons
  4 rime drakes
  A queen bee (Lair:4)
  3 trolls
  3 meliai (Lair:4)
  4 two-headed ogres
  12 blink frogs
  3 polar bears (Lair:5)
  7 merfolk
  2 boulder beetles
  Grinder (D:5)
  8 slime creatures
  2 snapping turtles (Shoals:1)
  A centaur simulacrum (D:14)
  A redback (shapeshifter) (D:13)
  A spriggan (D:9)
  34 yaks
  A vampire (D:12)
  2 wyverns
  2 water elementals (Shoals:1)
  Eustachio (D:6)
  3 hogs (D:13)
  A shadow (D:14)
  A wraith (D:13)
  A basilisk (D:13)
  3 hungry ghosts
  11 hippogriffs
  6 vampire mosquitoes
  4 wargs
  9 porcupines
  4 water moccasins
  2 sky beasts (D:9)
  14 orc warriors
  2 black bears
  3 ice beasts
  2 phantoms
  3 necrophages (D:11)
  22 ogres
  A wasp (D:9)
  6 centaurs
  12 crocodiles
  10 wolves
  7 big kobolds
  18 giant frogs
  3 wyvern zombies
  3 gnoll sergeants (D:12)
  8 scorpions
  A wyvern skeleton (D:8)
  35 killer bees
  2 howler monkeys
  10 wights
  5 crimson imps
  2 giant frog zombies (D:9)
  3 centaur zombies
  3 jellies
  13 orc priests
  7 hounds
  2 quasits
  3 centaur skeletons
  2 giant frog skeletons
  36 orc wizards
  6 iguanas
  Terence (D:3)
  16 worker ants
  Natasha (twice) (D:4)
  5 hell rats (Lair:4)
  5 big kobold zombies (Ossuary)
  A hound skeleton (D:4)
  2 mummies
  A howler monkey zombie (D:11)
  A worker ant zombie (D:5)
  6 gnolls
  A howler monkey skeleton (D:8)
  12 adders
  31 river rats
  A shadow imp (D:13)
  3 oozes
  2 adder skeletons
  2 adder zombies
  4 worms
  3 dart slugs
  3 giant geckos
  82 orcs
  6 spectral bats (Ossuary)
  A ball python (D:1)
  7 giant cockroaches
  7 gnoll zombies (Ossuary)
  3 goblins
  6 hobgoblins
  17 jackals
  16 kobolds
  9 quokkas
  9 bats
  5 bat simulacra (Ossuary)
  A giant gecko skeleton (D:6)
  2 giant gecko zombies
  5 giant newts
  3 goblin simulacra (Ossuary)
  4 goblin zombies (Ossuary)
  4 hobgoblin zombies (Ossuary)
  2 kobold simulacra (Ossuary)
  3 kobold zombies (Ossuary)
  7 orc zombies (Ossuary)
  6 rats
  4 rat simulacra (Ossuary)
  3 spectral goblins (Ossuary)
  A spectral kobold (Ossuary)
  2 spectral rats (Ossuary)
  2 butterflies
  5 fungi
  4 plants
  A withered plant (D:11)
806 creatures vanquished.

Vanquished Creatures (others)
  2 humans (D:13)
  3 orcs
  44 fungi
  8 plants
57 creatures vanquished.

Grand Total: 863 creatures vanquished

Notes
Turn   | Place    | Note
-------+----------+-------------------------------------------
     0 | D:1      | Magifyre the Deep Elf Fire Elementalist began the quest for the Orb.
     0 | D:1      | Reached XP level 1. HP: 10/10 MP: 6/6
   142 | D:1      | Reached XP level 2. HP: 15/15 MP: 6/8
   170 | D:1      | Learned a level 2 spell: Throw Flame
   608 | D:2      | Found an oddly glowing altar of Pakellas.
   658 | D:2      | Reached XP level 3. HP: 11/19 MP: 0/9
   681 | D:2      | Found an opulent altar of Gozag.
  1275 | D:2      | Found an iron altar of Okawaru.
  1333 | D:2      | Found a sparkling altar of Nemelex Xobeh.
  1346 | D:2      | Reached XP level 4. HP: 24/24 MP: 5/10
  1436 | D:2      | Learned a level 3 spell: Conjure Flame
  2105 | D:3      | Found a white marble altar of Elyvilon.
  2105 | D:3      | Noticed Terence
  2122 | D:3      | Killed Terence
  2261 | D:3      | Found a snail-covered altar of Cheibriados.
  2310 | D:3      | Found a burning altar of Makhleb.
  2322 | D:3      | Reached XP level 5. HP: 28/28 MP: 6/12
  2490 | D:3      | Found a glowing silver altar of Zin.
  2729 | D:3      | Noticed a centaur
  2732 | D:3      | Killed a centaur
  3181 | D:3      | Reached skill level 5 in Fire Magic
  3181 | D:3      | Reached XP level 6. HP: 19/32 MP: 11/14
  3408 | D:3      | Learned a level 4 spell: Sticky Flame
  3733 | D:4      | Noticed Natasha
  3736 | D:4      | Reached skill level 5 in Conjurations
  3744 | D:4      | Killed Natasha
  4439 | D:4      | Found a radiant altar of Vehumet.
  4446 | D:4      | Became a worshipper of Vehumet
  4512 | D:4      | Found a basalt altar of Yredelemnul.
  4606 | D:4      | Noticed Natasha
  4608 | D:4      | Noticed a slave
  4614 | D:4      | Killed Natasha
  4641 | D:4      | Noticed a slave
  4642 | D:4      | Noticed a slave
  4972 | D:4      | Noticed Pikel
  4975 | D:4      | Noticed a slave
  4980 | D:4      | Killed Pikel
  4980 | D:4      | Reached skill level 5 in Spellcasting
  4980 | D:4      | Reached XP level 7. HP: 36/36 MP: 15/17
  5238 | D:5      | Entered Level 5 of the Dungeon
  5248 | D:5      | Noticed Grinder
  5260 | D:5      | Killed Grinder
  5260 | D:5      | Reached XP level 8. HP: 27/41 MP: 16/18
  5870 | D:5      | Found a bloodstained altar of Trog.
  5895 | D:5      | Reached * piety under Vehumet
  5895 | D:5      | Offered knowledge of Sandblast by Vehumet.
  6007 | D:5      | You fall through a shaft for 3 floors!
  6037 | D:8      | Learned a level 1 spell: Sandblast
  6318 | D:7      | Found a sand-covered staircase.
  6333 | Ossuary  | Entered an ossuary
  6430 | Ossuary  | Learned a level 5 spell: Fireball
  6758 | Ossuary  | Reached ** piety under Vehumet
  6758 | Ossuary  | Offered knowledge of Shock by Vehumet.
  7234 | D:7      | Found a sacrificial altar of Ru.
  7243 | D:7      | Offered knowledge of Ignite Poison by Vehumet.
  7745 | D:5      | Reached XP level 9. HP: 45/45 MP: 21/21
  8436 | D:6      | Reached *** piety under Vehumet
  8479 | D:6      | Noticed Eustachio
  8488 | D:6      | Killed Eustachio
  8546 | D:6      | Found a stormy altar of Qazlal.
  8708 | D:6      | You fall through a shaft for 2 floors!
  8769 | D:8      | Noticed an ice statue
  8817 | D:8      | Noticed Psyche
  8820 | D:8      | Killed Psyche
  9218 | D:8      | Reached skill level 10 in Fire Magic
  9293 | D:8      | Offered knowledge of Fulminant Prism by Vehumet.
  9425 | D:8      | Reached skill level 10 in Conjurations
  9991 | D:8      | Reached XP level 10. HP: 50/50 MP: 24/24
 10951 | D:7      | Found a hide-covered altar of Uskayaw.
 11219 | D:6      | Found a staircase to the Ecumenical Temple.
 11644 | D:9      | Noticed a hill giant
 11648 | D:9      | Killed a hill giant
 12033 | D:9      | Reached **** piety under Vehumet
 12154 | D:9      | Noticed a green ugly thing
 12177 | D:9      | Offered knowledge of Olgreb's Toxic Radiance by Vehumet.
 12260 | D:9      | Killed a green ugly thing
 12358 | D:9      | Got a polished falchion {freeze}
 12359 | D:9      | Identified the cursed +3 falchion of Yklatam {freeze, Dex+4 SInv} (You took it off a big kobold on level 9 of the Dungeon)
 12375 | D:9      | Reached skill level 10 in Spellcasting
 12776 | D:9      | Found a shimmering altar of Xom.
 13200 | D:9      | Reached XP level 11. HP: 54/54 MP: 27/27
 13348 | D:10     | Entered Level 10 of the Dungeon
 13688 | D:10     | Reached ***** piety under Vehumet
 13763 | D:10     | Offered knowledge of Delayed Fireball by Vehumet.
 13929 | D:10     | Found Ymemefer's Antique Weapon Emporium.
 14456 | D:11     | Noticed an unseen horror
 14459 | D:11     | Killed an unseen horror
 14622 | D:11     | Noticed a brown ugly thing
 15089 | D:11     | Noticed an unseen horror
 15091 | D:11     | Killed an unseen horror
 15359 | D:11     | Learned a level 7 spell: Delayed Fireball
 15520 | D:11     | Killed a brown ugly thing
 15757 | D:11     | Found a staircase to the Lair.
 16266 | Lair:1   | Entered Level 1 of the Lair of Beasts
 16505 | D:12     | Noticed a brown ugly thing
 16508 | D:12     | Killed a brown ugly thing
 16508 | D:12     | Reached XP level 12. HP: 59/59 MP: 27/29
 17208 | Lair:1   | Noticed Fannar
 17397 | Lair:1   | Offered knowledge of Irradiate by Vehumet.
 17420 | Lair:1   | Killed Fannar
 17661 | Lair:2   | Noticed a five-headed hydra
 17667 | Lair:2   | Killed a five-headed hydra
 17816 | Lair:2   | Noticed Nergalle
 17818 | Lair:2   | Killed Nergalle
 18015 | Lair:2   | Found a frozen archway.
 18203 | Lair:2   | Found a staircase to the Snake Pit.
 19165 | Lair:3   | Found a labyrinth entrance.
 19418 | Lair:3   | Found a staircase to the Shoals.
 19756 | Lair:3   | Reached XP level 13. HP: 63/63 MP: 32/32
 20052 | Lair:4   | Noticed Snorg
 20060 | Lair:4   | Killed Snorg
 20267 | Lair:4   | Reached skill level 15 in Conjurations
 20272 | Lair:4   | Reached skill level 15 in Fire Magic
 21117 | Lair:4   | Offered knowledge of Bolt of Magma by Vehumet.
 21124 | Lair:4   | Learned a level 5 spell: Bolt of Magma
 21685 | Lair:5   | Found a viscous altar of Jiyva.
 21685 | Lair:5   | Found a staircase to the Slime Pits.
 23447 | D:12     | Found a deep blue altar of Sif Muna.
 23504 | D:12     | Noticed Nessos
 23864 | D:12     | Offered knowledge of Lightning Bolt by Vehumet.
 24463 | D:12     | Found a staircase to the Orcish Mines.
 24545 | Orc:1    | Entered Level 1 of the Orcish Mines
 24652 | Orc:2    | Entered Level 2 of the Orcish Mines
 25303 | Orc:2    | Reached XP level 14. HP: 68/68 MP: 14/34
 25643 | Orc:2    | Found a staircase to the Elven Halls.
 25799 | Orc:2    | Found Dokiffuq's Jewellery Boutique.
 25799 | Orc:2    | Found Zoynet's Food Shoppe.
 25859 | Orc:2    | Found a roughly hewn altar of Beogh.
 25877 | Orc:2    | Bought the ring "Unecsah" {rC+ Int+5 Slay+3} for 661 gold pieces
 25976 | Orc:2    | Offered knowledge of Bolt of Fire by Vehumet.
 25984 | Orc:2    | Learned a level 6 spell: Bolt of Fire
 26562 | Orc:2    | Found Utanlacom's Armour Boutique.
 26562 | Orc:2    | Found Xicid's Jewellery Shoppe.
 26583 | Orc:2    | Bought a +0 cloak for 49 gold pieces
 26720 | Orc:1    | Noticed Harold
 26724 | Orc:1    | Killed Harold
 26895 | Orc:1    | Found a bloodstained altar of Trog.
 27543 | Orc:1    | You fall through a shaft!
 27801 | D:12     | Killed Nessos
 27929 | D:12     | Got a warped plate armour
 27940 | D:12     | Identified the +9 plate armour of Efiodif {+Inv rPois SInv} (You took it off an orc on level 12 of the Dungeon)
 28944 | D:13     | Noticed Kirke
 29005 | D:12     | Reached skill level 1 in Axes
 29439 | D:13     | Offered knowledge of Freezing Cloud by Vehumet.
 29497 | D:13     | Killed Kirke
 30251 | D:14     | Reached skill level 15 in Spellcasting
 30658 | D:14     | Got a brightly glowing arbalest
 30659 | D:14     | Identified the +7 arbalest "Botua" {venom, rN++ Dex+9} (You found it on level 14 of the Dungeon)
 31100 | Shoals:1 | Entered Level 1 of the Shoals
 31296 | Shoals:1 | Noticed Ryco's ghost (journeyman SpEn)
 31300 | Shoals:1 | Killed Ryco's ghost
 31307 | Shoals:1 | Reached XP level 15. HP: 72/72 MP: 12/36
 31944 | Shoals:1 | Slain by a sea snake

Vault maps used:
D:1:      dpeg_arrival_pits
D:2:      grunt_gozag_breadcrumbs, grunt_pakellas_basics, lemuel_crystal_altar,
          nemelex_dance_club_becter
D:3:      lemuel_round_altar, old_standard_altar, zin_scriptorium,
          lemuel_doored_altar, uniq_terence
D:4:      vehumet_crystals, kennysheep_little_box, serial_aquarium,
          aquarium_bridge_straight, aquarium_window_2, aquarium_window_corner,
          aquarium_window_2, aquarium_window_2, aquarium_view_2e,
          aquarium_view_2d, aquarium_balcony_double_1, uniq_natasha, uniq_pikel
D:5:      nicolae_overflow_crystal_walls, first_bread, uniq_grinder
D:6:      nicolae_qazlal_eye_of_the_storm, uniq_eustachio
D:7:      nicolae_ru_awakened_eye, kennysheep_mini_moat,
          nicolae_ossuary_entry_ruins
D:8:      lemuel_ice_statue, uniq_psyche
D:9:      hangedman_cross_cluster, lemuel_coloured_pillars_altar, the_bakery
D:10:     serial_shops, shop
D:11:     due_lair_maze_entry_diamond, serial_undead, serial_undead_e,
          serial_undead_b, serial_undead_d, serial_undead_f
D:12:     kennysheep_orc_monster_closet_entryway, basic_altar, billiards_dpeg,
          uniq_nessos
D:13:     grunt_ministairs_13, uniq_kirke
D:14:     erik_vaults_1, kennysheep_another_room, eino_house_with_fridge
Lair:1:   beast_lair_carwin_11, lemuel_fruit_fields, uniq_fannar
Lair:2:   dummy_snake_entry, portal_ice_cave_rime, serial_bayou_shore_b,
          lemuel_fruit_fields, uniq_nergalle
Lair:3:   elwin_shoals_entry_stream, lab_entry_generic
Lair:4:   st_stairs_9, fungi_pond_lemuel, bh_autumn_forest_stairs, uniq_snorg
Lair:5:   slime_altar_1, beast_lair_carwin_6, infiniplex_staircase_pool_2,
          lemuel_fruit_tree, grunt_megastairs_2
Orc:1:    nicolae_volcano_entry_two_sided, bloody_trog, uniq_harold
Orc:2:    st_orc_town
Ossuary:  ossuary_zaba_two_paths

Skill      XL: |  1  2  3  4  5  6  7  8  9 10 11 12 13 14 |
---------------+-------------------------------------------+-----
Conjurations   | 2 3 4 6 7 8 10 11 13 14 16 17 | 17.9
Fire Magic     | 4 5 6 7 8 10 11 13 14 16 17 | 17.7
Spellcasting   | 4 5 7 8 10 11 13 14 15 | 15.5
Axes           | 1 |  1.0
Dodging        | |  2.4
Stealth        | |  2.4

Action                   |  1- 3 |  4- 6 |  7- 9 | 10-12 | 13-15 || total
-------------------------+-------+-------+-------+-------+-------++-------
Melee: Spear             |     4 |       |       |       |       ||     4
       Dagger            |       |     2 |       |       |       ||     2
       Whip              |       |       |    89 |       |       ||    89
       Falchion          |       |       |       |    31 |       ||    31
       Staff             |       |       |       |     1 |     2 ||     3
       Broad axe         |       |       |       |       |     5 ||     5
 Cast: Flame Tongue      |    45 |   121 |   219 |   215 |   264 ||   864
       Throw Flame       |    12 |    32 |    27 |    45 |     9 ||   125
       Conjure Flame     |       |    10 |    25 |    19 |    29 ||    83
       Sticky Flame      |       |     2 |    17 |    28 |    21 ||    68
       Fireball          |       |       |    25 |   189 |   313 ||   527
       Sandblast         |       |       |     7 |       |       ||     7
       Delayed Fireball  |       |       |       |    13 |    18 ||    31
       Bolt of Fire      |       |       |       |       |     3 ||     3
 Abil: Release Delayed F |       |       |       |    12 |    19 ||    31
Evoke: Wand              |       |       |       |       |     1 ||     1
  Use: Scroll            |     3 |     4 |     6 |    17 |     9 ||    39
       Potion            |       |       |     1 |       |     3 ||     4
 Stab: Sleeping          |       |       |     1 |       |       ||     1
  Eat: Chunk             |     2 |     8 |    19 |    38 |    48 ||   115
       Bread ration      |       |     1 |     1 |       |       ||     2
       Beef jerky        |       |       |     1 |     1 |     1 ||     3
       Meat ration       |       |       |       |     4 |       ||     4
Armor: Robe              |     3 |     2 |    18 |     9 |    13 ||    45
       Plate armour      |       |       |       |       |     5 ||     5
Dodge: Dodged            |    15 |    11 |    88 |    54 |    38 ||   206
